 Dungeon Crawl Stone Soup version 0.22-a0-292-g0df9d5f (webtiles) character file.

112 grindst0ne the Sneak (level 4, -2/21 HPs)
             Began as a Spriggan Enchanter on Mar 24, 2018.
             Slain by Nr616's ghost (15 damage)
             ... on level 3 of the Dungeon.
             The game lasted 00:06:03 (2725 turns).

grindst0ne the Sneak (Spriggan Enchanter)           Turns: 2725, Time: 00:06:04

Health: -2/21      AC:  2    Str:  4    XL:     4   Next: 64%
Magic:  2/9        EV: 20    Int: 16    God:
Gold:   120        SH:  0    Dex: 17    Spells: 2/8 levels left

rFire    . . .     SeeInvis +   a - +1 dagger
rCold    . . .     Gourm    .   (shield restricted)
rNeg     . . .     Faith    .   j - +0 robe (curse)
rPois    .         Spirit   .   (helmet restricted)
rElec    .         Reflect  .   (no cloak)
rCorr    .         Harm     .   (gloves unavailable)
MR       .....                  (boots unavailable)
Stlth    +++.......             (no amulet)
HPRegen  0.07/turn              (no ring)
MPRegen  0.11/turn              (no ring)

@: very slightly contaminated, very quick
A: very small, unfitting armour, see invisible, herbivore, speed 3, slow
metabolism 2
a: no special abilities


You were on level 3 of the Dungeon.
You were hungry.

You visited 1 branch of the dungeon, and saw 3 of its levels.

You collected 120 gold pieces.

Inventory:

Hand Weapons
 a - a +1 dagger (weapon)
Missiles
 n - a throwing net (quivered)
Armour
 b - a +0 robe
 j - a cursed +0 robe (worn)
Scrolls
 f - a scroll of fog {unknown}
 g - 4 scrolls of identify {unknown}
 h - 2 scrolls of amnesia {unknown}
 i - 2 scrolls of noise {unknown}
 k - a scroll of enchant weapon {unknown}
 o - a scroll of magic mapping {unknown}
 p - a scroll of enchant armour {unknown}
 q - 3 scrolls of remove curse {unknown}
Potions
 c - 2 potions of flight {unknown}
 e - a potion of degeneration {unknown}
 l - 2 potions of heal wounds {unknown}
 m - a potion of ambrosia {unknown}
 r - a potion of might {unknown}
Comestibles
 d - 3 rations


   Skills:
 - Level 1.1 Short Blades
 + Level 4.7 Dodging
 + Level 6.0 Stealth
 - Level 2.6 Spellcasting
 + Level 4.8 Hexes


You had 2 spell levels left.
You knew the following spells:

 Your Spells              Type           Power        Failure   Level  Hunger
a - Corona                Hex            ###....      2%          1    #......
b - Ensorcelled Hibernat  Hex/Ice        #.....       11%         2    ##.....
c - Confuse               Hex            ###.....     8%          3    ###....


Dungeon Overview and Level Annotations

Branches:
Dungeon (3/15)

Altars:
Ru
Sif Muna
Vehumet

Annotations:
D:2 exclusion: downstairs
D:3 Nr616's ghost, amateur GrFi


Innate Abilities, Weirdness & Mutations

You are very small and have problems with some larger weapons.
You are too small for most types of armour.
You have supernaturally acute eyesight. (SInv)
You are a herbivore.
You cover ground extremely quickly.
You need to consume almost no food.


Message History

The orc barely misses you.
An orc comes into view.
The orc shouts!
You hit the orc.
The orc is severely wounded.
The orc barely misses you.
You hit the orc.
The orc is almost dead.
You closely miss the orc.
The orc is almost dead.
The orc hits you with a falchion.
You hit the orc.
You kill the orc!
You open the door.
Nr616's ghost turns its malevolent gaze towards you.
There is an open door here.
Nr616's ghost closely misses you. Nr616's ghost hits you!
Ouch! That really hurt!
You die...

#.## #..#####.......#..
#..# #......#.......###
#.###o####.#.......#
####..##'####'#.......###
#......o.............###.
#........................
#..........รท.............
#......W...............[.
#.......@.............)..
#..............######....
#..............# #....
#..............# #....
#......[.......# #....
###..............# #....
#................# #....
#........#>.....## #....
#........######## #....


You could see Nr616's ghost and 2 orcs.

Vanquished Creatures
  3 adders
  A gnoll (D:1)
  4 worms (D:2)
  2 dart slugs
  2 leopard geckos (D:1)
  2 orcs (D:3)
  3 giant cockroaches
  3 goblins
  A hobgoblin (D:2)
  9 jackals
  A quokka (D:2)
  13 bats
  3 frilled lizards (D:1)
  4 kobolds (D:1)
  6 rats
57 creatures vanquished.

Vanquished Creatures (others)
  A jackal (D:2)
1 creature vanquished.

Grand Total: 58 creatures vanquished

Notes
Turn   | Place    | Note
-------+----------+-------------------------------------------
     0 | D:1      | grindst0ne the Spriggan Enchanter began the quest for the Orb.
     0 | D:1      | Reached XP level 1. HP: 9/9 MP: 5/5
   398 | D:1      | Reached XP level 2. HP: 13/13 MP: 6/6
   423 | D:1      | Learned a level 2 spell: Ensorcelled Hibernation
   490 | D:1      | Reached skill level 5 in Stealth
   598 | D:1      | Reached XP level 3. HP: 11/16 MP: 4/8
  1074 | D:1      | Learned a level 3 spell: Confuse
  1478 | D:2      | Found a sacrificial altar of Ru.
  1556 | D:2      | Found a radiant altar of Vehumet.
  1565 | D:2      | Reached XP level 4. HP: 21/21 MP: 4/9
  1632 | D:2      | You fall through a shaft!
  2273 | D:3      | Noticed Nr616's ghost (amateur GrFi)
  2624 | D:3      | Reached skill level 6 in Stealth
  2658 | D:3      | Found a deep blue altar of Sif Muna.
  2687 | D:3      | Noticed an orc warrior
  2725 | D:3      | Slain by Nr616's ghost

Vault maps used:
D:1:      mrwooster_arrival_arrow
D:2:      fiery_altar_vehumet, nicolae_ru_sacrificial_ziggurat, first_ration,
          kennysheep_cross_room
D:3:      elyvilon_altar_5, led_sif_pool, interstate_on_off

Skill      XL: |  1  2  3  4 |
---------------+-------------+-----
Hexes          | 4 |  4.8
Stealth        | 5 6 |  6.0
Dodging        | 4 |  4.7
Short Blades   | |  1.1
Spellcasting   | |  2.6

Action                   |  1- 3 |  4- 6 || total
-------------------------+-------+-------++-------
Melee: Dagger            |   127 |    81 ||   208
 Cast: Corona            |     1 |       ||     1
       Ensorcelled Hiber |    17 |    18 ||    35
       Confuse           |       |     8 ||     8
 Stab: Sleeping          |    22 |     9 ||    31
       Confused          |       |     4 ||     4
  Eat: Ration            |       |     1 ||     1
Armor: Robe              |    20 |    12 ||    32
Dodge: Dodged            |   115 |    92 ||   207

Table legend:
 A = Spawn XP
 B = Non-spawn XP
 C = Spawn XP percentage of total XP
 D = Spawn monster count
 E = Non-spawn monster count
 F = Spawn count percentage of total count
 G = Total turns spent on level
                    A         B        C        D         E        F      G
               +---------+---------+-------+---------+---------+-------+---------
         Total |       0 |     161 |   0.0 |       0 |      57 |   0.0 |  2725
               +---------+---------+-------+---------+---------+-------+---------
           D:1 |       0 |      63 |   0.0 |       0 |      31 |   0.0 |  1450
           D:2 |       0 |      67 |   0.0 |       0 |      15 |   0.0 |   758
           D:3 |       0 |      31 |   0.0 |       0 |      11 |   0.0 |   517
               +---------+---------+-------+---------+---------+-------+---------
